 Dungeon Crawl Stone Soup version 0.28-a0-312-gbced6e68ee (webtiles) character file.

Game seed: 1543565687573380589

1668 Colgate the Slasher (level 9, -5/65 HPs)
             Began as a Human Cinder Acolyte on Aug 31, 2021.
             Was an Elder of Ignis.
             Slain by a hornet (14 damage)
             ... while paralysed by a hornet
             ... on level 7 of the Dungeon.
             The game lasted 01:00:07 (10465 turns).

Colgate the Slasher (Human Cinder Acolyte)         Turns: 10465, Time: 01:00:08

Health: -5/65      AC:  9    Str: 24    XL:     9   Next: 20%
Magic:  15/16      EV:  2    Int: 15    God:    Ignis [****..]
Gold:   104        SH:  0    Dex:  8    Spells: 16/18 levels left

rFire   + + .      SeeInvis .   b - +4 great sword (freeze)
rCold   + . .      Faith    .   (shield currently unavailable)
rNeg    . . .      Spirit   .   B - +2 leather armour {rF+}
rPois   .          Reflect  .   o - +0 helmet
rElec   .          Harm     .   (no cloak)
rCorr   .          Rampage  .   l - +0 pair of gloves
Will    .....                   g - +1 pair of boots
Stlth   +.........              (no amulet)
HPRegen 0.20/turn               x - ring of protection from cold
MPRegen 0.15/turn               A - +6 ring of strength

@: paralysed, lethally poisoned (-5 -> -28), slowed
A: no striking features
a: Renounce Religion, Sea of Fire, Foxfire Swarm, Rising Flame


You were on level 7 of the Dungeon.
You worshipped Ignis.
Ignis was greatly pleased with you.
You visited 1 branch of the dungeon, and saw 7 of its levels.

You collected 258 gold pieces.
You spent 154 gold pieces at shops.

Inventory:

Hand Weapons
 a - a +0 hunting sling
 b - a +4 great sword of freezing (weapon)
Missiles
 h - 35 sling bullets
 j - 219 stones
 q - 37 poisoned darts
 G - a curare-tipped dart
Armour
 g - a +1 pair of boots (worn)
 l - a +0 pair of gloves (worn)
 o - a +0 helmet (worn)
 B - a +2 leather armour of fire resistance (worn)
Magical Staves
 i - a staff of cold
Jewellery
 d - a ring of protection from fire
 x - a ring of protection from cold (left hand)
 A - a +6 ring of strength (right hand)
Scrolls
 m - 2 scrolls of amnesia
 n - a scroll of noise {unknown}
 p - 2 scrolls of vulnerability {unknown}
 t - a scroll of enchant weapon {unknown}
 u - a scroll of immolation {unknown}
 v - a scroll of teleportation {unknown}
 y - 2 scrolls of identify {unknown}
 D - a scroll of fear {unknown}
 E - a scroll of holy word {unknown}
Potions
 c - 3 potions of heal wounds
 e - 5 potions of curing
 f - 2 potions of attraction
 k - a potion of degeneration {unknown}
 r - a potion of magic {unknown}
 s - a potion of brilliance {unknown}
 w - a potion of ambrosia {unknown}
 z - 3 potions of might {unknown}
 C - a potion of haste {unknown}
 F - a potion of lignification {unknown}


   Skills:
 - Level 4.0 Fighting
 + Level 6.0 Long Blades
 - Level 3.0 Armour
 - Level 1.9 Dodging
 - Level 1.5 Stealth
 - Level 5.0 Spellcasting
 - Level 4.1 Conjurations
 - Level 4.2 Fire Magic


You had 16 spell levels left.
You knew the following spells:

 Your Spells              Type           Power      Damage    Failure   Level
a - Foxfire               Conj/Fire      64%        2x1d7     3%          1
b - Magic Dart            Conj           64%        1d6       3%          1

Your spell library contained the following spells:

 Spells                   Type           Power      Damage    Failure   Level
 Beastly Appendage        Tmut           6%         N/A       19%         1
 Inner Flame              Hex/Fire       10%        N/A       24%         3
 Blink                    Tloc           N/A        N/A       28%         2
 Call Imp                 Summ           3%         N/A       28%         2
 Slow                     Hex            3%         N/A       28%         2
 Mephitic Cloud           Conj/Pois/Air  7%         N/A       32%         3
 Confusing Touch          Hex            3%         N/A       50%         3
 Lesser Beckoning         Tloc           3%         N/A       50%         3
 Portal Projectile        Hex/Tloc       6%         N/A       50%         3
 Fulminant Prism          Conj/Hex       5%         3d7       61%         4
 Iskenderun's Mystic Bla  Conj/Tloc      10%        2d4       61%         4
 Cause Fear               Hex            1%         N/A       88%         4
 Lee's Rapid Deconstruct  Erth           1%         3d5*      99%         5
 Manifold Assault         Tloc           3%         N/A       99%         5
 Yara's Violent Unravell  Hex/Tmut       1%         3d3       99%         5
 Dragon Form              Tmut           1%         N/A       100%        7
 Discord                  Hex            1%         N/A       100%        8
 Disjunction              Tloc           1%         N/A       100%        8


Dungeon Overview and Level Annotations

Branches:
Dungeon (7/15)
 Temple: D:4-7

Altars:

Shops:
D:4 !


Message History

The foxfire hits the hornet.
The hornet is severely wounded.
The foxfire hits the hornet but does no damage.
The hornet is severely wounded.
The foxfire hits the hornet but does no damage.
The hornet is severely wounded.
The foxfire hits the hornet.
The hornet is severely wounded.
The foxfire hits the hornet.
The hornet is almost dead.
The hornet stings you!
You feel as though you will be slow longer.
The foxfire hits the hornet but does no damage.
The hornet is severely wounded.
The foxfire hits the hornet but does no damage.
The hornet is severely wounded.
The foxfire hits the hornet but does no damage.
The hornet is severely wounded.
The hornet stings you.
You feel as though you will be slow longer.
The foxfire hits the hornet but does no damage.
The hornet is severely wounded.
Press: ? - help, v - describe, . - travel
Here: a hornet (severely wounded)
The floor.
You miss the hornet.
The hornet is severely wounded.
The hornet completely misses you. The hornet misses you.
The hornet stings you but does no damage.
You closely miss the hornet.
The hornet is severely wounded.
The hornet stings you.
You are poisoned.
You feel as though you will be slow longer.
The hornet stings you!
* * * LOW HITPOINT WARNING * * *
You are more poisoned.
You suddenly lose the ability to move!
The hornet completely misses you. The hornet stings you!
You die...

# .. #. ..# #.##.####
###.......# ##.
..#.........##...
.#...#............
.....................
.............@.......
............y).......
..............>....
..............#...
#........##..# ##
####.##.##†...# .##
............### .#
.......###### ##
.......


You could see a hornet.

Vanquished Creatures
  A black bear (D:6)
  2 sky beasts
  A necrophage (D:4)
  2 ogres
  A phantom (D:3)
  A kobold brigand (D:6)
  2 bullfrogs
  A water moccasin skeleton (D:5)
  5 wights (D:6)
  2 howler monkeys (D:4)
  2 jellies (D:4)
  3 hounds
  An orc priest (D:5)
  4 iguanas
  A killer bee zombie (D:6)
  A hound skeleton (D:5)
  A howler monkey zombie (D:5)
  Robin (D:2)
  7 adders
  3 gnolls
  A white imp (D:6)
  A worm (D:1)
  3 dart slugs
  6 orcs
  5 ball pythons
  5 endoplasms
  4 giant cockroaches
  17 goblins
  12 hobgoblins
  3 jackals (D:3)
  5 kobolds
  3 quokkas
  3 bats
  7 frilled lizards
  6 rats
123 creatures vanquished.

Vanquished Creatures (others)
  423 foxfires
423 creatures vanquished.

Grand Total: 546 creatures vanquished

Notes
Turn   | Place    | Note
-------+----------+-------------------------------------------
     0 | D:1      | Colgate the Human Cinder Acolyte began the quest for the
                  | Orb.
     0 | D:1      | Reached XP level 1. HP: 18/18 MP: 2/2
   346 | D:1      | Reached XP level 2. HP: 24/24 MP: 1/3
   961 | D:1      | Reached skill level 4 in Long Blades
   961 | D:1      | Reached XP level 3. HP: 29/29 MP: 1/4
  2541 | D:2      | Reached XP level 4. HP: 26/37 MP: 0/5
  2991 | D:2      | Reached skill level 1 in Conjurations
  3447 | D:2      | Learned a level 1 spell: Magic Dart
  3520 | D:3      | Reached XP level 5. HP: 42/42 MP: 2/7
  3600 | D:3      | Noticed a phantom
  3770 | D:3      | Noticed Robin
  3887 | D:2      | Killed Robin
  4088 | D:3      | Killed a phantom
  4089 | D:3      | Reached XP level 6. HP: 45/48 MP: 2/9
  4324 | D:3      | You fall into a shaft and drop 2 floors!
  4324 | D:5      | Entered Level 5 of the Dungeon
  4492 | D:4      | Noticed a sky beast
  4522 | D:4      | Killed a sky beast
  4523 | D:4      | Reached skill level 5 in Long Blades
  4563 | D:4      | Found Ullail's Distillery.
  5651 | D:4      | Reached XP level 7. HP: 53/54 MP: 7/10
  5739 | D:4      | Reached skill level 6 in Long Blades
  6044 | D:4      | Reached skill level 1 in Armour
  6151 | D:4      | Bought a potion of attraction for 42 gold pieces
  6151 | D:4      | Bought a potion of heal wounds for 70 gold pieces
  6151 | D:4      | Bought a potion of curing for 42 gold pieces
  6697 | D:4      | Found Ullail's Distillery.
  6948 | D:5      | Reached XP level 8. HP: 60/60 MP: 6/11
  7033 | D:5      | Got the Tome of Twisted Changing
  8984 | D:6      | Reached skill level 1 in Stealth
  9773 | D:6      | Reached skill level 1 in Dodging
  9773 | D:6      | Reached XP level 9. HP: 65/65 MP: 9/15
 10453 | D:7      | Noticed a hornet
 10454 | D:7      | Reached skill level 5 in Spellcasting
 10465 | D:7      | Paralysed by a hornet for 3 turns
 10465 | D:7      | Slain by a hornet

Illustrated notes

Levels and vault maps discovered:
D:1:      lightli_arrival_statue_moat, layout_basic
D:2:      layout_loops_ring
D:3:      layout_loops_ring, uniq_robin
D:4:      layout_rooms, serial_shops, nicolae_shop_trees, st_stairs_3
D:5:      layout_cave_pods
D:6:      layout_loops_cross, kennysheep_cluttered_room,
          kennysheep_generic_room_12
D:7:      layout_rooms, temple_statues, serial_bayou_crossing

Skill      XL: |  1  2  3  4  5  6  7  8  9 |
---------------+----------------------------+-----
Long Blades    | 4 5 6 |  6.0
Fighting       | 4 |  4.0
Conjurations   | 1 2 3 4 |  4.1
Spellcasting   | 2 4 5 |  5.0
Fire Magic     | 2 3 4 |  4.2
Armour         | 1 3 |  3.0
Stealth        | 1 |  1.5
Dodging        | 1 |  1.9

Action                   |  1- 3 |  4- 6 |  7- 9 || total
-------------------------+-------+-------+-------++-------
Melee: Falchion          |    40 |    62 |    88 ||   190
       Great sword       |       |       |    21 ||    21
 Fire: Hunting sling     |       |    10 |       ||    10
 Cast: Foxfire           |    29 |    83 |   107 ||   219
Invok: Sea of Fire       |       |     2 |       ||     2
       Foxfire Swarm     |       |       |     2 ||     2
  Use: Scroll            |       |     1 |       ||     1
       Potion            |       |       |     2 ||     2
Armor: Robe              |     1 |     8 |       ||     9
       Ring mail         |       |     5 |    11 ||    16
       Leather armour    |       |       |    17 ||    17
Dodge: Dodged            |    16 |    33 |    49 ||    98

Table legend: (Time is in decaauts)
 A = Elapsed time spent in this place.
 B = Non-inter-level travel time spent in this place.
 C = Inter-level travel time spent in this place.
 D = Time resting spent in this place.
 E = Time spent auto-exploring this place.
 F = Levels seen in this place.
 G = Mean time per level.
                   A        B        C        D        E       F      G
               +--------+--------+--------+--------+--------+-----+--------+
         Total |  10510 |  10012 |    498 |    332 |   7620 |   7 | 1501.4 |
       Dungeon |  10510 |  10012 |    498 |    332 |   7620 |   7 | 1501.4 |
               +--------+--------+--------+--------+--------+-----+--------+

Top non-repeatable levels by time:
     D:1: 2500 daAuts
     D:5: 2022 daAuts
     D:3: 1712 daAuts
     D:6: 1534 daAuts
     D:4: 1488 daAuts
     D:2: 1187 daAuts
     D:7: 65 daAuts
